 Dungeon Crawl Stone Soup version 0.23-a0-384-g3a68796 (webtiles) character file.

121 Cryolive the Digger (level 5, -1/30 HPs)
             Began as a Gargoyle Earth Elementalist on Oct 27, 2018.
             Slain by Grinder (2 damage)
             ... on level 3 of the Dungeon.
             The game lasted 00:14:55 (4287 turns).

Cryolive the Digger (Gargoyle Earth Elementalist)   Turns: 4287, Time: 00:14:57

Health: -1/30      AC:  7    Str: 11    XL:     5   Next: 5%
Magic:  0/8        EV: 12    Int: 17    God:
Gold:   111        SH:  0    Dex: 10    Spells: 0/9 levels left

rFire    . . .     SeeInvis .   q - +0 flail
rCold    . . .     Gourm    .   (no shield)
rNeg     + . .     Faith    .   c - +0 robe
rPois    ∞         Spirit   .   (no helmet)
rElec    +         Reflect  .   s - +0 cloak
rCorr    +         Harm     .   (no gloves)
MR       .....                  (no boots)
Stlth    ++........             (no amulet)
HPRegen  0.10/turn              h - ring of resist corrosion
MPRegen  0.11/turn              (no ring)

@: no status effects
A: negative energy resistance 1, electricity resistance, unbreathing,
petrification resistance, rot immunity, AC +4
a: no special abilities


You were on level 3 of the Dungeon.
You were not hungry.

You visited 1 branch of the dungeon, and saw 3 of its levels.

You collected 111 gold pieces.

Inventory:

Hand Weapons
 q - a +0 flail (weapon)
Missiles
 b - 48 stones (quivered)
Armour
 c - a +0 robe (worn)
 s - a +0 cloak (worn)
 t - a cursed +0 leather armour
Jewellery
 h - a ring of resist corrosion (left hand)
Scrolls
 a - a scroll of remove curse {unknown}
 e - a scroll of fear {unknown}
 g - a scroll of teleportation {unknown}
 i - a scroll of fog {unknown}
 j - a scroll of blinking {unknown}
 l - 2 scrolls of immolation {unknown}
 n - a scroll of magic mapping {unknown}
 u - a scroll of noise {unknown}
Potions
 f - a potion of haste {unknown}
 k - 2 potions of berserk rage {unknown}
 m - a potion of invisibility {unknown}
 o - a potion of heal wounds {unknown}
 p - a potion of degeneration {unknown}
Comestibles
 d - 6 rations


   Skills:
 + Level 1.9 Fighting
 + Level 2.0 Armour
 + Level 2.1 Dodging
 - Level 2.1 Stealth
 + Level 2.6 Spellcasting
 + Level 1.2 Conjurations
   Level 0.7 Transmutations
 + Level 4.3 Earth Magic


You couldn't memorise any spells.
You knew the following spells:

 Your Spells              Type           Power        Failure   Level  Hunger
a - Sandblast             Erth           ###...       3%          1    #......
b - Stone Arrow           Conj/Erth      ##....       17%         3    ###....
c - Lee's Rapid Deconstr  Erth           ###.......   65%         5    ######.

Your spell library contained the following spells:

 Spells                   Type           Power        Failure   Level  Hunger
 Passwall                 Tmut/Erth      ##......     10%         2    ##.....
 Petrify                  Tmut/Erth      ##......     54%         4    #####..


Dungeon Overview and Level Annotations

Branches:
Dungeon (3/15)

Altars:
Ashenzari
Fedhas

Annotations:
D:3 Grinder, Sigmund


Innate Abilities, Weirdness & Mutations

You are resistant to torment.
Your stone body is resilient. (AC +4)
You are immune to poison.
You resist negative energy. (rN+)
You are resistant to electric shocks. (rElec)
You can survive without breathing.
You are immune to petrification.
You are immune to rotting.


Message History

Grinder hits you!
* * * LOW HITPOINT WARNING * * *
You writhe in agony.
* * * LOW HITPOINT WARNING * * *
Grinder blinks!
Grinder gestures at you. You resist with significant effort.
You can move again.
Casting: Sandblast (safe; 3% risk of failure)
Confirm with . or Enter, or press ? or * to list all spells.
Aiming: Sandblast (safe; 3% risk of failure)
Press: ? - help, Shift-Dir - straight line, f/p - Grinder
Aim: Grinder (almost dead)
The blast of sand hits Grinder.
Grinder is almost dead.
b - 48 stones Grinder hits you.
* * * LOW HITPOINT WARNING * * *
You writhe in agony.
You die...

#.###......#####
#.#.# #........
# #.#)#
#........ #
#.#.# # #.#.# #
#.#.# .
#.#.#######(..
#.#.#........#
#@#..........#
#5###.########
#.....# #######


You could see Grinder.

Vanquished Creatures
  4 gnolls
  An adder (D:2)
  3 dart slugs
  A leopard gecko (D:1)
  3 orcs (D:3)
  3 giant cockroaches (D:3)
  5 goblins
  5 hobgoblins
  6 jackals
  9 kobolds
  2 quokkas (D:2)
  10 bats
  3 frilled lizards
  4 rats (D:1)
59 creatures vanquished.

Notes
Turn   | Place    | Note
-------+----------+-------------------------------------------
     0 | D:1      | Cryolive the Gargoyle Earth Elementalist began the quest
                  | for the Orb.
     0 | D:1      | Reached XP level 1. HP: 10/10 MP: 3/3
   203 | D:1      | Reached XP level 2. HP: 9/16 MP: 0/5
   580 | D:1      | Reached skill level 1 in Fighting
   581 | D:1      | Reached skill level 1 in Armour
   606 | D:1      | Reached XP level 3. HP: 20/20 MP: 6/6
   611 | D:1      | Learned a level 3 spell: Stone Arrow
   760 | D:1      | Reached skill level 4 in Earth Magic
  1029 | D:2      | Found a shattered altar of Ashenzari.
  1434 | D:2      | Found a blossoming altar of Fedhas.
  1444 | D:2      | Reached XP level 4. HP: 15/25 MP: 7/7
  1927 | D:3      | Noticed Sigmund
  2624 | D:2      | Reached skill level 1 in Conjurations
  3108 | D:3      | Reached XP level 5. HP: 27/30 MP: 1/8
  3213 | D:2      | Learned a level 5 spell: Lee's Rapid Deconstruction
  4262 | D:3      | Noticed Grinder
  4275 | D:3      | Paralysed by Grinder for 2 turns
  4280 | D:3      | Paralysed by Grinder for 7 turns
  4287 | D:3      | HP: 1/30 [Grinder (1)]
  4287 | D:3      | Slain by Grinder

Vault maps used:
D:1:      dpeg_arrival_rooms_c
D:2:      fedhas_altar_2, serial_aquarium, aquarium_bridge_long_separate,
          aquarium_bridge_square, aquarium_window_1, aquarium_window_fake,
          aquarium_window_fake, aquarium_window_corner, aquarium_view_2f,
          aquarium_balcony_3a, first_ration, ashenzari_altar_1
D:3:      kennysheep_jessica_study, uniq_grinder, uniq_sigmund

Skill      XL: |  1  2  3  4  5 |
---------------+----------------+-----
Fighting       | 1 |  1.9
Armour         | 1 2 |  2.0
Earth Magic    | 4 |  4.3
Dodging        | 2 |  2.1
Conjurations   | 1 |  1.2
Stealth        | |  2.1
Spellcasting   | |  2.6
Transmutations | |  0.7

Action                   |  1- 3 |  4- 6 || total
-------------------------+-------+-------++-------
Melee: Unarmed           |    81 |       ||    81
       Dagger            |   114 |    49 ||   163
       Flail             |       |    21 ||    21
 Cast: Sandblast         |    23 |    23 ||    46
       Stone Arrow       |       |    14 ||    14
 Stab: Sleeping          |     1 |     2 ||     3
  Eat: Chunk             |     2 |     4 ||     6
       Ration            |       |     2 ||     2
Armor: Robe              |    66 |    33 ||    99
Dodge: Dodged            |   145 |    61 ||   206

Table legend:
 A = Non-vault XP
 B = Vault XP
 C = Vault XP percentage of total XP
 D = Non-vault monster count
 E = Vault monster count
 F = Vault count percentage of total count
                 A         B        C        D         E       F
            +---------+---------+-------+---------+---------+-------
      Total |     173 |       0 |   0.0 |      59 |       0 |   0.0
            +---------+---------+-------+---------+---------+-------
        D:1 |      47 |       0 |   0.0 |      26 |       0 |   0.0
        D:2 |      71 |       0 |   0.0 |      19 |       0 |   0.0
        D:3 |      55 |       0 |   0.0 |      14 |       0 |   0.0
            +---------+---------+-------+---------+---------+-------
